AoeStats
← [GDL] Maldito Pantoja

Pilgrims

509954162Analyzed
4v4 RM · 3d ago on Sep 28, 2026· 36m 18s· 8 players
Game mode
Random Map
Map size
Large (8 player)
Population
200
Speed
Normal
Resources
Standard
Victory
Conquest
Starting age
Dark Age
Ending age
Imperial Age
RankedLock teamsTeams togetherTeam positionsShared explorationLock speedFull tech treeHidden civsTurbo modeCheats
Victory
Defeat
🇬🇧 Persians · United Kingdom
1223
+15
🇧🇪 Magyars · Belgium
1218
+15
🇪🇪 Inca · Estonia
1204
+15
🇲🇽 Mongols · Mexico
1103
+19
🇹🇷 Franks · Türkiye
1217
-17
🇳🇿 Romans · New Zealand
1185
-16
🇨🇦 Italians · Canada
1178
-16
🇪🇸 Lithuanians · Spain
1174
-15
Nicolass
11:33 Feudal Age
11:22 Loom
13:13 Double-Bit Axe
18:40 Castle Age
23:31 Forging
28:37 Scale Barding Armor
28:37 Scale Mail Armor
Dègno
10:25 Feudal Age
10:01 Loom
21:16 Castle Age
Barka
11:40 Feudal Age
12:17 Loom
25:11 Castle Age
25:25 Wheelbarrow
25:59 Double-Bit Axe
32:17 Hand Cart
35:00 Town Watch
[OTM]thebearjew
4:52 Loom
10:05 Feudal Age
11:45 Wheelbarrow
11:00 Double-Bit Axe
10:58 Horse Collar
21:18 Castle Age
21:31 Gold Mining
21:31 Stone Mining
22:48 Man-at-Arms
23:29 Squires
23:44 Forging
23:35 Scale Mail Armor
23:36 Long Swordsman
26:15 Chain Mail Armor
27:17 Iron Casting
28:15 Hand Cart
34:44 Imperial Age
34:29 Pikeman
solmanfu
11:48 Feudal Age
11:45 Loom
13:21 Fletching
14:41 Double-Bit Axe
14:49 Gold Mining
15:40 Fishing Lines
19:18 Castle Age
17:56 Wheelbarrow
21:28 Bodkin Arrow
21:37 Gillnets
24:08 Gold Shaft Mining
26:07 Scale Barding Armor
28:43 Hand Cart
31:33 Bloodlines
35:52 Imperial Age
34:14 Chain Barding Armor
35:49 Cavalier
[GDL] Maldito Pantoja
3:24 Loom
11:47 Feudal Age
18:58 Fletching
22:08 Castle Age
20:50 Padded Archer Armor
27:19 Wheelbarrow
26:34 Double-Bit Axe
26:41 Gold Mining
Senex
9:48 Loom
12:10 Feudal Age
17:44 Castle Age
15:59 Horse Collar
17:46 Double-Bit Axe
17:56 Gold Mining
18:52 Medium Warships
20:57 Champi Runner
23:25 Horse Collar
24:27 Champi Warrior
26:21 Forging
27:19 Scale Mail Armor
31:19 Iron Casting
37:07 Imperial Age
37:05 Chain Mail Armor
sabin_schy
11:06 Feudal Age
10:46 Loom
13:57 Fletching
14:54 Scale Barding Armor
15:59 Fishing Lines
16:17 Double-Bit Axe
18:14 Wheelbarrow
20:29 Bloodlines
25:22 Stone Mining
25:22 Gold Mining
28:25 Castle Age
28:09 Horse Collar
29:11 Bodkin Arrow
29:36 Bow Saw
29:59 Chain Barding Armor
29:47 Guard Tower
30:19 Ballistics
30:19 Murder Holes
30:22 Treadmill Crane
31:33 Masonry
32:50 Hand Cart
32:03 Light Cavalry
35:57 Husbandry
Connection lost

Rejoining the realm…

Still unreachable

The connection could not be restored.

Session expired

The server has moved on; the page needs a fresh start.